 Dungeon Crawl Stone Soup version 0.19-a0-458-gfd99d95 (webtiles) character file.

66703 MenacingMecha the Markscentaur (level 14, 0/121 HPs)
             Began as a Centaur Hunter on June 1, 2016.
             Was the Champion of Okawaru.
             Killed from afar by a wretched star (25 damage)
             ... with an orb of energy
             ... on level 2 of the Abyss on June 2, 2016.
             The game lasted 02:49:53 (43118 turns).

MenacingMecha the Markscentaur (Centaur Hunter)    Turns: 43118, Time: 02:49:53

Health: 0/121      AC: 18    Str:  8    XL:     14   Next: 80%
Magic:  15/15      EV:  9    Int: 10    God:    Okawaru [******]
Gold:   591        SH:  0    Dex: 18    Spells: 1 memorised, 10 levels left

rFire  + . .     SeeInvis .     b - +9 quarterstaff "Malafaw" {crush, *Corrode +Fly rPois Str-3}
rCold  . . .     Gourm    +     D - quicksilver dragon armour {QDA, MR+}
rNeg   . . .     Faith    .     (shield currently unavailable)
rPois  +         Spirit   .     r - +0 helmet
rElec  .         Dismiss  .     c - +0 cloak
rCorr  .         Reflect  .     n - +0 pair of gloves
SustAt .         Harm     .     E - +1 centaur barding {rF+} {rF+}
MR     +++..                    z - amulet of the gourmand {Gourm, !d}
Stlth  ..........               j - ring of protection from magic {MR+}
                                e - +3 ring of dexterity

@: confused, slowed, extremely resistant to hostile enchantments, extremely
unstealthy
A: hooves 3, deformed body, speed 2, low mp 2, tough skin 3, weak 2
a: Heroism, Finesse, Renounce Religion, Evoke Flight


You were on level 2 of the Abyss.
You worshipped Okawaru.
Okawaru was exalted by your worship.
You were very full.

You visited 4 branches of the dungeon, and saw 21 of its levels.
You visited the Abyss 1 time.
You also visited: Volcano.

You collected 2202 gold pieces.
You spent 1611 gold pieces at shops.

Inventory:

Hand Weapons
 a - a +1 longbow of freezing
   (Okawaru gifted it to you on level 13 of the Dungeon)
 b - the +9 quarterstaff "Malafaw" (weapon) {crush, *Corrode +Fly rPois Str-3}
   (Okawaru gifted it to you on level 1 of the Lair of Beasts)

   It inflicts extra damage upon your enemies.
   It affects your strength (-3).
   It protects you from poison.
   It lets you fly.
   It may corrode you when you take damage.
 u - a +1 lajatang
   (You found it on level 6 of the Dungeon)
 I - a +4 longbow
   (Okawaru gifted it to you on level 1 of the Orcish Mines)
Missiles
 d - 258 arrows
 H - a throwing net
Armour
 c - a +0 cloak (worn)
   (You found it on level 3 of the Dungeon)
 h - the +0 centaur barding of Space {rElec}
   (Okawaru gifted it to you on level 11 of the Dungeon)

   It insulates you from electricity.
 n - a +0 pair of gloves (worn)
   (You found it on level 3 of the Dungeon)
 r - a +0 helmet (worn)
   (You found it on level 2 of the Dungeon)
 D - a quicksilver dragon armour (worn) {QDA, MR+}
   (You bought it in a shop on level 2 of the Orcish Mines)
 E - a +1 centaur barding of fire resistance (worn) {rF+}
   (Okawaru gifted it to you on level 2 of the Lair of Beasts)
Jewellery
 e - a +3 ring of dexterity (left hand)
   (You found it on level 11 of the Dungeon)
 j - a ring of protection from magic (right hand) {MR+}
   (You took it off a big kobold on level 10 of the Dungeon)
 k - an uncursed ring of flight {+Fly}
   (You found it on level 1 of the Lair of Beasts)
 z - an amulet of the gourmand (around neck) {Gourm, !d}
   (You found it on level 5 of the Dungeon)
 N - a +2 ring of dexterity
   (You found it on level 13 of the Dungeon)
 R - an uncursed ring of sustain attributes
   (You found it on level 8 of the Dungeon)
Wands
 s - a wand of polymorph (0/24)
   (You took it off Grinder on level 3 of the Dungeon)
 v - a wand of acid (14/15)
   (You found it on level 2 of the Dungeon)
 F - a wand of hasting (5/9)
   (You took it off Erolcha on level 13 of the Dungeon)
 J - a wand of heal wounds (4/9)
   (You bought it in a shop on level 7 of the Dungeon)
 W - a wand of digging (3/24)
   (You found it on level 8 of the Dungeon)
 X - a wand of random effects (16/48)
   (You found it on level 2 of the Lair of Beasts)
Scrolls
 g - a scroll of recharging
 l - 7 scrolls of remove curse
 p - 4 scrolls of fear
 w - 2 scrolls of teleportation
 x - a scroll of summoning
 K - a scroll of identify
 O - a scroll of fog
 Z - 2 scrolls of blinking
Potions
 m - a potion of might
 o - a potion of curing
 q - a potion of berserk rage
 t - a potion of invisibility
 A - a potion of cancellation
 B - 3 potions of ambrosia
 M - a potion of agility
 Q - a potion of haste
 U - 3 potions of flight
Miscellaneous
 y - a plain deck of escape
   (You found it on level 4 of the Dungeon)
 G - a plain deck of war
   (You found it on level 5 of the Lair of Beasts)
 L - a fan of gales
   (You found it on level 11 of the Dungeon)
Comestibles
 f - 9 bread rations
 i - a beef jerky
 C - 2 meat rations


   Skills:
 - Level 10.3 Fighting
   Level 0.1(3.0) Axes
   Level 5.0(10.3) Polearms
 - Level 13.6(14.0) Staves
 + Level 17.5 Bows
 - Level 4.1 Armour
 - Level 7.0 Dodging
 - Level 0.5 Stealth
 - Level 7.0 Invocations
 - Level 2.0 Evocations


You had 10 spell levels left.
You knew the following spells:

 Your Spells              Type           Power        Failure   Level  Hunger
r - Regeneration          Chrm/Necr      #.........   100%        3    ####...


Dungeon Overview and Level Annotations

Branches:
Dungeon (13/15)            Temple (1/1) D:4            Lair (5/8) D:9
 Shoals (0/4) Lair:5       Spider (0/4) Lair:3          Orc (2/2) D:11
    Elf (0/3) Orc:2        Vaults (0/5) D:13

Altars:
Ashenzari
Cheibriados
Dithmenos
Elyvilon
Fedhas
Gozag
Hepliaklqana
Kikubaaqudgha
Makhleb
Nemelex Xobeh
Okawaru
Pakellas
Qazlal
Ru
Sif Muna
Trog
Uskayaw
Vehumet
Xom
Yredelemnul
Zin
The Shining One

Shops:
D:7 *=}[!   Orc:2 %=*[?

Portals:
Trove: D:12 (give 17 scrolls of identify)

Annotations:
D:13 Sonja
Lair:2 stash


Innate Abilities, Weirdness & Mutations

You have hooves in place of feet.
Armour fits poorly on your strangely shaped body.
You cover ground very quickly.
You have extremely tough skin. (AC +3)
[Your magical capacity is very low. (-20% MP)]
[You are very weak. (Str -4)]


Message History

You feel as though you will be slow longer.
Firing (i - inventory):
d - 261 arrows (quivered)
Press: ? - help, Shift-Dir - straight line, f/p - Sonja
Aim: Sonja, wielding an enchanted blowgun You shoot an arrow.
The arrow completely misses Sonja.
You feel very sick.
Sonja shoots a curare-tipped needle.
The curare-tipped needle closely misses you.
Sonja shoots a curare-tipped needle.
The curare-tipped needle barely misses you.
Firing (i - inventory):
d - 260 arrows (quivered)
Press: ? - help, Shift-Dir - straight line, f/p - Sonja
Aim: Sonja, wielding an enchanted blowgun You shoot an arrow.
The arrow closely misses Sonja.
You feel sick.
Sonja shoots a curare-tipped needle.
The curare-tipped needle barely misses you.
Firing (i - inventory):
d - 259 arrows (quivered)
Press: ? - help, Shift-Dir - straight line, f/p - Sonja
Aim: Sonja, wielding an enchanted blowgun You shoot an arrow.
The arrow completely misses Sonja.
You feel very sick.
Sonja gestures wildly while chanting.
Sonja blinks!
Your +1 longbow of freezing stops glowing.
b - the +9 quarterstaff "Malafaw" (weapon)
{crush, *Corrode +Fly rPois Str-3} You feel sick.
Sonja bows elegantly.
Sonja unwields an uncursed enchanted blowgun.
Sonja wields an uncursed dagger of distortion.
Its appearance distorts for a moment.
Sonja barely misses you. Sonja closely misses you.
Sonja hits you but does no damage.
You are cast into the Abyss!
To return, you must find a gate leading back.
Killing monsters will force the Abyss to allow you passage.
This branch contains the abyssal rune of Zot.
You feel sick.
You feel sick.
You feel sick.
A starcursed mass comes into view.
You feel sick.
The starcursed mass shrieks in your mind.
You feel sick.
A starcursed mass splits.
You feel sick. A chorus of shrieks assaults your mind.
You feel sick.
You feel sick.
You feel sick.
You feel sick. As you open the door, it creaks loudly!
You feel sick.
You feel sick.
There is an open door, spattered with blood here.
You feel sick.
A starcursed mass splits.
As you read the scroll of teleportation, it crumbles to dust.
You feel strangely unstable.
You feel the power of the Abyss delaying your translocation!
You feel sick. A chorus of shrieks assaults your mind.
You feel sick.
You feel sick.
A starcursed mass splits.
A starcursed mass splits.
A deafening chorus of shrieks assaults your mind!
* * * LOW HITPOINT WARNING * * *
You feel sick.
A starcursed mass splits.
You are suddenly pulled into a different region of the Abyss!
You feel sick.
Unknown command.
You feel sick.
You are suddenly pulled into a different region of the Abyss!
You start resting.
A wretched star materialises.
You feel sick.
The wretched star glows turbulently.
The orb of energy hits you!
* * * LOW HITPOINT WARNING * * *
Okay, then.
The wretched star pulses with an eldritch light!
You feel weaker. x2
The wretched star moves out of view.
You feel sick.
You are no longer poisoned.
The wretched star glows turbulently.
The orb of energy misses you.
The wretched star glows turbulently.
The orb of energy hits you!
* * * LOW HITPOINT WARNING * * *
You feel better.
You are confused.
You feel invigorated.
The wretched star glows turbulently.
The orb of energy hits you!
* * * LOW HITPOINT WARNING * * *
The orb of energy explodes!
The wretched star pulses with an eldritch light!
You feel less energetic. x2
You bump into the rock wall.
The wretched star glows turbulently.
The orb of energy hits you!
You die...

#.....#.#..#. .#
......#......# #.
..*.....#..##.
.......## .. ....
........#. .... .
......... .......
.... .#..........
.....####*.......
.......@.........
.........#.......
.................
#...........#.##.
...........#...#
#.#.....#.....##
. ##.#..#.....#
###.....#.## ##.
#####


You could see a wretched star.

Vanquished Creatures
  Maud (Lair:3)
  Erolcha (D:13)
  5 hydras
  An ogre mage (D:13)
  A catoblepas (Lair:5)
  A merfolk avatar (Lair:5)
  2 death knights
  A centaur warrior (D:13)
  Urug (D:11)
  4 orc high priests (Orc:2)
  An unseen horror (D:12)
  7 hill giants
  An orc knight (D:13)
  A lindwurm (Volcano)
  Pikel (D:4)
  A deep elf archer (D:13)
  6 statues (Volcano)
  2 ugly things
  A griffon (Lair:3)
  An orc sorcerer (Orc:2)
  6 deep elf magi
  12 slime creatures
  6 elephants (Lair:2)
  2 black mambas (Lair:1)
  Psyche (D:10)
  2 gargoyles
  3 kobold demonologists
  5 komodo dragons
  5 yaktaurs (D:13)
  A rime drake (Lair:5)
  8 spiny frogs
  6 trolls
  Grinder (D:3)
  A polar bear (Lair:4)
  4 two-headed ogres
  7 blink frogs
  Prince Ribbit (D:9)
  A shadow (D:11)
  4 wraiths
  2 fire bats (Volcano)
  A vampire (D:11)
  2 wyverns
  25 yaks
  Grum (D:11)
  A basilisk (Lair:5)
  6 hippogriffs
  A hungry ghost (D:12)
  A steam dragon (D:10)
  A vampire mosquito (D:11)
  The ghost of Arkorax the Slasher, an amateur HEGl of Hepliaklqana (D:4)
  5 wargs
  2 mottled dragons (Volcano)
  3 soldier ants
  18 water moccasins
  Duvessa (D:5)
  9 porcupines
  28 orc warriors
  4 ice beasts
  3 sky beasts
  4 black bears
  An eye of draining (D:11)
  2 slaves (D:4)
  A wasp (D:13)
  A necrophage (D:5)
  A phantom (D:5)
  15 ogres
  6 crocodiles
  3 wolves (D:11)
  10 centaurs
  12 big kobolds
  Blork the orc (D:5)
  15 giant frogs
  An elf zombie (D:7)
  A gnoll sergeant (D:5)
  Dowan (D:5)
  An elf skeleton (D:7)
  3 scorpions
  A water moccasin skeleton (D:7)
  4 wights
  34 killer bees
  6 jellies
  2 electric eels (D:11)
  A howler monkey (D:11)
  9 lava snakes (Volcano)
  4 crimson imps
  3 giant frog zombies
  2 centaur zombies
  A quasit (D:9)
  A giant frog skeleton (D:5)
  35 orc priests
  11 hounds
  3 human zombies (D:7)
  A gnoll shaman (D:8)
  47 orc wizards
  2 human skeletons (D:7)
  Crazy Yiuf (D:7)
  5 centaur skeletons
  Ijyb (D:3)
  Terence (D:3)
  12 iguanas
  8 worker ants
  3 hound zombies
  2 hound skeletons
  2 mummies (D:7)
  10 gnolls
  32 river rats
  A worker ant zombie (D:5)
  22 adders
  2 shadow imps
  An adder skeleton (D:8)
  2 adder zombies
  2 worms (D:2)
  3 dart slugs
  A giant gecko (D:8)
  102 orcs
  5 ball pythons
  5 giant cockroaches
  11 goblins
  10 hobgoblins
  7 jackals
  7 quokkas
  A ball python zombie (D:6)
  7 bats
  2 giant gecko skeletons
  2 giant gecko zombies
  3 giant newts (D:1)
  26 kobolds
  An orc zombie (D:7)
  A quokka skeleton (D:5)
  9 rats
  A fungus (Lair:5)
  4 plants (D:11)
792 creatures vanquished.

Vanquished Creatures (others)
  A hound (D:4)
  A worm (D:3)
  A giant gecko (D:4)
  An orc (D:3)
  A bat (D:3)
  A rat (D:3)
  A fungus (Lair:3)
  4 plants
11 creatures vanquished.

Grand Total: 803 creatures vanquished

Notes
Turn   | Place    | Note
--------------------------------------------------------------
     0 | D:1      | MenacingMecha the Centaur Hunter began the quest for the Orb.
     0 | D:1      | Reached XP level 1. HP: 17/17 MP: 1/1
   361 | D:1      | Reached skill level 3 in Fighting
   361 | D:1      | Reached XP level 2. HP: 25/26 MP: 2/2
   960 | D:1      | Reached XP level 3. HP: 31/31 MP: 3/3
  1014 | D:1      | You fall through a shaft!
  1477 | D:2      | Found a burning altar of Makhleb.
  1484 | D:2      | Found a glowing silver altar of Zin.
  1484 | D:2      | Noticed an angel
  1484 | D:2      | Noticed a green death
  1508 | D:2      | Reached skill level 4 in Fighting
  1851 | D:3      | Noticed a giant frog
  1891 | D:3      | Killed a giant frog
  1891 | D:3      | Reached skill level 5 in Fighting
  1891 | D:3      | Reached XP level 4. HP: 13/42 MP: 4/4
  2222 | D:3      | Reached XP level 5. HP: 42/48 MP: 5/5
  2298 | D:3      | Noticed Ijyb
  2301 | D:3      | Noticed Terence
  2328 | D:3      | Killed Ijyb
  2328 | D:3      | Reached skill level 6 in Bows
  2402 | D:3      | Killed Terence
  2747 | D:3      | Found a shattered altar of Ashenzari.
  2878 | D:3      | Found a radiant altar of Vehumet.
  3039 | D:3      | Found a sparkling altar of Nemelex Xobeh.
  3043 | D:3      | Noticed Grinder
  3049 | D:3      | Paralysed by Grinder for 5 turns
  3058 | D:3      | Killed Grinder
  3058 | D:3      | Reached skill level 8 in Bows
  3058 | D:3      | Reached XP level 6. HP: 56/56 MP: 6/6
  3227 | D:4      | Noticed Arkorax's ghost (amateur HEGl)
  3356 | D:4      | Reached skill level 9 in Bows
  3356 | D:4      | Reached XP level 7. HP: 61/61 MP: 7/7
  3556 | D:4      | Found a snail-covered altar of Cheibriados.
  3771 | D:4      | Killed Arkorax's ghost
  3771 | D:4      | Reached skill level 10 in Bows
  3963 | D:4      | Noticed Pikel
  4018 | D:4      | Killed Pikel
  4018 | D:4      | Reached skill level 12 in Bows
  4018 | D:4      | Reached XP level 8. HP: 68/68 MP: 8/8
  4179 | D:4      | Found a staircase to the Ecumenical Temple.
  4185 | Temple   | Entered the Ecumenical Temple
  4192 | Temple   | Became a worshipper of Warmaster Okawaru
  4711 | D:5      | Entered Level 5 of the Dungeon
  4743 | D:5      | HP: 16/68 [something (5)]
  5378 | D:5      | Reached skill level 13 in Bows
  5822 | D:5      | Reached * piety under Okawaru
  5890 | D:5      | Found an opulent altar of Gozag.
  6164 | D:5      | Found a hazy altar of Hepliaklqana.
  6173 | D:5      | Reached skill level 14 in Bows
  6386 | D:5      | Noticed Blork the orc
  6389 | D:5      | Killed Blork the orc
  6389 | D:5      | Reached XP level 9. HP: 74/74 MP: 9/9
  6407 | D:5      | Reached skill level 2 in Dodging
  6505 | D:5      | Reached skill level 3 in Dodging
  6777 | D:5      | Found a glowing silver altar of Zin.
  6849 | D:5      | Noticed Duvessa
  6866 | D:5      | Noticed Dowan
  6887 | D:5      | Killed Duvessa
  6896 | D:5      | Killed Dowan
  6896 | D:5      | Reached skill level 4 in Dodging
  6953 | D:5      | Reached ** piety under Okawaru
  7309 | D:5      | Found a blossoming altar of Fedhas.
  7458 | D:6      | Found a sacrificial altar of Ru.
  7587 | D:6      | Found a glowing golden altar of the Shining One.
  7616 | D:6      | Reached skill level 5 in Dodging
  7843 | D:6      | Found a shadowy altar of Dithmenos.
  7851 | D:6      | Reached skill level 1 in Armour
  7901 | D:6      | HP: 18/74 [poisoned by an orc]
  7907 | D:6      | HP: 16/74 [poisoned by an orc]
  7914 | D:6      | HP: 14/74 [poisoned by an orc]
  7921 | D:6      | HP: 14/74 [poisoned by an orc]
  7929 | D:6      | HP: 14/74 [poisoned by an orc]
  8403 | D:6      | Reached skill level 1 in Staves
  8800 | D:7      | Reached skill level 2 in Staves
  8886 | D:7      | Found Tebavaff's Jewellery Shop.
  8986 | D:7      | Reached skill level 3 in Staves
  9470 | D:7      | Reached skill level 4 in Staves
  9613 | D:7      | Reached XP level 10. HP: 37/81 MP: 10/10
  9915 | D:7      | Found a basalt altar of Yredelemnul.
  9984 | D:7      | Reached *** piety under Okawaru
  9984 | D:7      | Reached skill level 5 in Staves
 10144 | D:7      | Found Saenois's Gadget Shoppe.
 10164 | D:7      | Found Qyla Die's Antique Armour Boutique.
 10165 | D:7      | Found Koujoull's Distillery.
 10179 | D:7      | Bought a brightly glowing scale mail for 243 gold pieces
 10189 | D:7      | Identified the cursed +0 scale mail of Least Resistance {*Confuse rF+++ rC- Int+7} (You bought it in a shop on level 7 of the Dungeon)
 10230 | D:7      | Found a hide-covered altar of Uskayaw.
 10311 | D:7      | HP: 20/81 [hippogriff (1)]
 10791 | D:7      | Found Xifub's General Store.
 10913 | D:7      | You fall through a shaft for 2 floors!
 10953 | D:9      | Found a flagged portal.
 10953 | D:9      | You fall through a shaft!
 10953 | D:10     | Entered Level 10 of the Dungeon
 11018 | D:10     | Upgraded the game from 0.19-a0-442-g8935a21 to 0.19-a0-458-gfd99d95
 11279 | D:10     | Reached skill level 6 in Fighting
 11812 | D:10     | Found a blossoming altar of Fedhas.
 11902 | D:10     | Noticed a hill giant
 11980 | D:9      | Found a bloodstained altar of Trog.
 11996 | D:9      | Noticed Prince Ribbit
 12184 | D:9      | Reached skill level 7 in Fighting
 12228 | D:8      | Found a white marble altar of Elyvilon.
 12275 | D:8      | Received a gift from Okawaru
 12356 | D:8      | Found a shimmering altar of Xom.
 12643 | D:8      | Got a pitted war axe
 12644 | D:8      | Identified the +4 war axe of Propriety {drain, Str+5 Stlth+} (You found it on level 8 of the Dungeon)
 12727 | D:8      | Reached skill level 8 in Fighting
 12784 | D:8      | Reached **** piety under Okawaru
 12796 | D:8      | Reached skill level 6 in Staves
 12892 | D:8      | Found a stormy altar of Qazlal.
 12892 | D:8      | Found a shimmering altar of Xom.
 12958 | D:8      | Reached skill level 2 in Invocations
 13536 | D:8      | Reached skill level 3 in Invocations
 13967 | D:8      | Reached skill level 4 in Invocations
 14441 | D:7      | Reached skill level 1 in Polearms
 14772 | D:7      | Noticed Crazy Yiuf
 14780 | D:7      | Killed Crazy Yiuf
 14949 | D:9      | Reached skill level 2 in Polearms
 14951 | D:9      | HP: 17/88 [warg (12)]
 14954 | D:9      | HP: 7/88 [warg (6)]
 15205 | D:9      | Killed Prince Ribbit
 15205 | D:9      | Reached XP level 11. HP: 84/94 MP: 14/14
 15275 | D:9      | Reached skill level 3 in Polearms
 15300 | D:9      | Noticed a green ugly thing
 15367 | D:9      | Killed a green ugly thing
 15367 | D:9      | Reached ***** piety under Okawaru
 15369 | D:9      | HP: 35/141 [poisoned by a green ugly thing]
 15858 | D:9      | Found a staircase to the Lair.
 15964 | D:9      | Reached skill level 4 in Polearms
 16759 | D:9      | Received a gift from Okawaru
 17358 | D:10     | Reached skill level 5 in Polearms
 17754 | D:10     | Noticed Psyche
 17788 | D:10     | Killed Psyche
 18275 | D:10     | Killed a hill giant
 18394 | D:10     | Reached skill level 7 in Staves
 18614 | Lair:1   | Entered Level 1 of the Lair of Beasts
 19120 | Lair:1   | Received a gift from Okawaru
 19648 | Lair:1   | Noticed a seven-headed hydra
 19695 | Lair:1   | Killed a seven-headed hydra
 19695 | Lair:1   | Reached skill level 8 in Staves
 19784 | Lair:1   | HP: 22/94 [poisoned by a black mamba]
 19789 | Lair:1   | HP: 19/94 [poisoned by a black mamba]
 19794 | Lair:1   | HP: 16/94 [poisoned by a black mamba]
 19799 | Lair:1   | HP: 14/94 [poisoned by a black mamba]
 19804 | Lair:1   | HP: 13/94 [poisoned by a black mamba]
 19811 | Lair:1   | HP: 13/94 [poisoned by a black mamba]
 19819 | Lair:1   | HP: 13/94 [poisoned by a black mamba]
 20257 | Lair:1   | Received a gift from Okawaru
 20260 | Lair:1   | Got a dazzling quarterstaff {god gift}
 20261 | Lair:1   | Identified the +9 quarterstaff "Malafaw" {crush, *Corrode +Fly rPois Str-3} (Okawaru gifted it to you on level 1 of the Lair of Beasts)
 20500 | Lair:1   | Reached skill level 9 in Staves
 21673 | Lair:2   | Learned a level 3 spell: Regeneration
 22083 | Lair:2   | Reached skill level 5 in Invocations
 22466 | Lair:2   | Reached skill level 6 in Invocations
 22466 | Lair:2   | Reached XP level 12. HP: 80/101 MP: 16/16
 22512 | Lair:2   | HP: 24/101 [elephant (16)]
 22538 | Lair:2   | HP: 14/101 [elephant (15)]
 22725 | Lair:1   | HP: 17/101 [spiny frog (12)]
 22730 | Lair:1   | Reached skill level 7 in Invocations
 23030 | Lair:2   | HP: 22/101 [elephant (10)]
 23575 | Lair:2   | Received a gift from Okawaru
 23782 | Lair:2   | Reached skill level 10 in Staves
 24108 | Lair:2   | Got an iridescent war axe
 24147 | Lair:2   | Identified the +9 war axe "Vunautra" {venom, *Rage +Inv rN+ Stlth+} (You found it on level 2 of the Lair of Beasts)
 24252 | Lair:3   | Noticed a six-headed hydra
 24276 | Lair:3   | Killed a six-headed hydra
 24311 | Lair:3   | Found a hole to the Spider Nest.
 24312 | Lair:3   | Noticed Maud
 24373 | Lair:3   | Killed Maud
 24373 | Lair:3   | Reached skill level 11 in Staves
 24783 | Lair:3   | Reached skill level 2 in Armour
 25301 | Lair:3   | Reached skill level 3 in Armour
 25872 | Lair:4   | HP: 21/101 [blink frog (14)]
 25880 | Lair:3   | Reached skill level 4 in Armour
 26519 | Lair:4   | Found a dark tunnel.
 26542 | Volcano  | Entered a volcano
 27447 | Volcano  | Reached skill level 12 in Staves
 27523 | Volcano  | Reached XP level 13. HP: 82/107 MP: 18/18
 27892 | Volcano  | HP: 24/107 [lindwurm (13)]
 28221 | Volcano  | Found a hide-covered altar of Uskayaw.
 28819 | Lair:4   | Received a gift from Okawaru
 29484 | Lair:5   | Found a staircase to the Shoals.
 31155 | D:10     | Reached skill level 6 in Dodging
 31733 | D:11     | Received a gift from Okawaru
 31738 | D:11     | Got a jewelled centaur barding {god gift}
 31749 | D:11     | Identified the +0 centaur barding of Space {rElec} (Okawaru gifted it to you on level 11 of the Dungeon)
 32152 | D:11     | Noticed Grum
 32176 | D:11     | Killed Grum
 32517 | D:11     | Reached skill level 7 in Dodging
 32714 | D:11     | Found a staircase to the Orcish Mines.
 32756 | D:10     | Reached skill level 13 in Staves
 32813 | D:7      | Bought a wand of heal wounds (4/9) for 528 gold pieces
 32917 | D:11     | Noticed Urug
 32937 | D:11     | Killed Urug
 35704 | D:12     | Reached skill level 9 in Fighting
 36054 | D:12     | Found a portal to a secret trove of treasure.
 36203 | D:12     | Reached XP level 14. HP: 97/118 MP: 19/19
 36482 | D:12     | Received a gift from Okawaru
 36896 | D:12     | Reached skill level 10 in Fighting
 37521 | Orc:1    | Entered Level 1 of the Orcish Mines
 37981 | Orc:1    | Reached skill level 1 in Evocations
 38075 | Orc:1    | Received a gift from Okawaru
 38289 | Orc:2    | Entered Level 2 of the Orcish Mines
 38289 | Orc:2    | Found a staircase to the Elven Halls.
 38477 | Orc:2    | Found Zeurghiext's Food Shop.
 38627 | Orc:2    | Reached skill level 2 in Evocations
 38998 | Orc:1    | Found a radiant altar of Vehumet.
 39759 | Orc:2    | Reached skill level 15 in Bows
 40217 | Orc:2    | Found Tamnayt's General Store.
 40217 | Orc:2    | Found Tyacreq's Jewellery Shop.
 40222 | Orc:2    | Found Wittemu's Magic Scroll Boutique.
 40222 | Orc:2    | Found Ziruenut's Armour Boutique.
 40377 | Orc:2    | Bought a quicksilver dragon armour for 840 gold pieces
 40668 | D:12     | Reached ****** piety under Okawaru
 40995 | D:13     | Received a gift from Okawaru
 41092 | D:13     | Reached skill level 16 in Bows
 42085 | D:13     | Received a gift from Okawaru
 42491 | D:13     | Received a gift from Okawaru
 42491 | D:13     | Reached skill level 17 in Bows
 42827 | D:13     | Found a gate to the Vaults.
 42925 | D:13     | Noticed Erolcha
 42931 | D:13     | Killed Erolcha
 42931 | D:13     | Received a gift from Okawaru
 43065 | D:13     | Noticed Sonja
 43072 | D:13     | Cast into level 2 of the Abyss (Sonja)
 43076 | Abyss:2  | Noticed a starcursed mass
 43104 | Abyss:2  | HP: 16/121 [wretched star/orb of energy (20)]
 43112 | Abyss:2  | HP: 5/121 [wretched star/orb of energy (13)]
 43117 | Abyss:2  | HP: 21/121 [wretched star/orb of energy (6)]
 43118 | Abyss:2  | Killed from afar by a wretched star

Vault maps used:
D:1:      dpeg_arrival_tiny_d
D:2:      grunt_temple_overflow_order_and_chaos_2
D:3:      nemelex_altar_shiori, lemuel_doored_altar, fiery_altar_vehumet,
          uniq_terence, uniq_grinder, uniq_iyjb
D:4:      kennysheep_slug_shrine, minmay_temple_entry_fiery, first_bread,
          kennysheep_cross_bottleneck, amalloy_card_club, uniq_pikel
D:5:      kennysheep_little_box, lemuel_crystal_altar, grunt_gozag_statues,
          basic_altar, uniq_duvessa, uniq_blork_the_orc
D:6:      nicolae_ru_awakened_eye, tso_metal_star,
          nicolae_dithmenos_the_darkroom
D:7:      lemuel_mausoleum_altar_yredelemnul, nicolae_overflow_hidden_temple,
          serial_shops, nicolae_shop_behind_doors, shop, shop, shop, shop,
          uniq_crazy_yiuf_cottage
D:8:      gammafunk_temple_overflow_wave, basic_altar, xom_confusion_cloud
D:9:      erik_lair_orcish_takeover, basic_altar, enter_bailey_8,
          uniq_prince_ribbit1
D:10:     hangedman_tree_tricks, minmay_stone_trees_medium, uniq_psyche
D:11:     hiddenorc1_lemuel, serial_bayou_lagoon_a, uniq_urug, uniq_grum
D:12:     nicolae_trove_entry_crossroad, billiards_dpeg
D:13:     hangedman_vaults_entry_quadrant_bands, uniq_sonja, uniq_erolcha
Temple:   nicolae_temple_no_exploring_needed
Lair:3:   dummy_spider_entry, grunt_megastairs_3, uniq_maud
Lair:4:   portal_ice_cave_entry_pillars_1, lightli_volcano_entry_magma_tube,
          lemuel_another_geyser
Lair:5:   elwin_shoals_entry_rocks, grunt_megastairs_2,
          infiniplex_staircase_pool_2
Orc:1:    basic_altar
Orc:2:    st_orc_mages, serial_shops, nicolae_shop_window_shopping
Volcano:  volcano_grotto

Skill      XL: |  1  2  3  4  5  6  7  8  9 10 11 12 13 14 |
---------------+-------------------------------------------+-----
Fighting       | 3 5 8 9 10 | 10.3
Bows           | 8 9 12 14 17 | 17.5
Dodging        | 5 7 |  7.0
Armour         | 1 4 |  4.1
Staves         | 4 6 9 12 13 | 13.6
Invocations    | 4 6 7 |  7.0
Polearms       | 2 5 |  5.0
Evocations     | 2 |  2.0
Axes           | |  0.1
Stealth        | |  0.5

Action                   |  1- 3 |  4- 6 |  7- 9 | 10-12 | 13-15 || total
-------------------------+-------+-------+-------+-------+-------++-------
Melee: Short sword       |    52 |       |       |       |       ||    52
       Kick              |    22 |    14 |    96 |   277 |   314 ||   723
       Flail             |    59 |    40 |       |       |       ||    99
       Hand axe          |       |    39 |   304 |   253 |       ||   596
       Lajatang          |       |       |    40 |   206 |       ||   246
       Trident           |       |       |       |   183 |       ||   183
       Quarterstaff      |       |       |       |   396 |  1080 ||  1476
 Fire: Shortbow          |    14 |    39 |   231 |   638 |   466 ||  1388
       Longbow           |       |       |       |       |   172 ||   172
Invok: Heroism           |       |       |       |     4 |       ||     4
       Finesse           |       |       |       |     2 |       ||     2
Evoke: Wand              |       |       |       |     3 |     2 ||     5
  Use: Potion            |     2 |     2 |       |    12 |     3 ||    19
       Scroll            |       |       |     5 |    24 |     4 ||    33
  Eat: Chunk             |     2 |     4 |    26 |    50 |    48 ||   130
Armor: Leather armour    |    25 |       |       |       |       ||    25
       Ring mail         |    18 |    53 |   210 |   334 |       ||   615
       Skin              |       |     1 |       |    15 |       ||    16
       Chain mail        |       |       |       |    46 |   474 ||   520
       Scale mail        |       |       |       |    23 |    20 ||    43
       Quicksilver drago |       |       |       |       |    68 ||    68
Dodge: Dodged            |    52 |    39 |   195 |   478 |   174 ||   938

Vault maps used:
D:1:      dpeg_arrival_tiny_d
D:2:      grunt_temple_overflow_order_and_chaos_2
D:3:      nemelex_altar_shiori, lemuel_doored_altar, fiery_altar_vehumet,
          uniq_terence, uniq_grinder, uniq_iyjb
D:4:      kennysheep_slug_shrine, minmay_temple_entry_fiery, first_bread,
          kennysheep_cross_bottleneck, amalloy_card_club, uniq_pikel
D:5:      kennysheep_little_box, lemuel_crystal_altar, grunt_gozag_statues,
          basic_altar, uniq_duvessa, uniq_blork_the_orc
D:6:      nicolae_ru_awakened_eye, tso_metal_star,
          nicolae_dithmenos_the_darkroom
D:7:      lemuel_mausoleum_altar_yredelemnul, nicolae_overflow_hidden_temple,
          serial_shops, nicolae_shop_behind_doors, shop, shop, shop, shop,
          uniq_crazy_yiuf_cottage
D:8:      gammafunk_temple_overflow_wave, basic_altar, xom_confusion_cloud
D:9:      erik_lair_orcish_takeover, basic_altar, enter_bailey_8,
          uniq_prince_ribbit1
D:10:     hangedman_tree_tricks, minmay_stone_trees_medium, uniq_psyche
D:11:     hiddenorc1_lemuel, serial_bayou_lagoon_a, uniq_urug, uniq_grum
D:12:     nicolae_trove_entry_crossroad, billiards_dpeg
D:13:     hangedman_vaults_entry_quadrant_bands, uniq_sonja, uniq_erolcha
Temple:   nicolae_temple_no_exploring_needed
Lair:3:   dummy_spider_entry, grunt_megastairs_3, uniq_maud
Lair:4:   portal_ice_cave_entry_pillars_1, lightli_volcano_entry_magma_tube,
          lemuel_another_geyser
Lair:5:   elwin_shoals_entry_rocks, grunt_megastairs_2,
          infiniplex_staircase_pool_2
Orc:1:    basic_altar
Orc:2:    st_orc_mages, serial_shops, nicolae_shop_window_shopping
Volcano:  volcano_grotto

Table legend:
 A = Turns spent in this place as a percentage of turns spent in the entire game.
 B = Non-inter-level travel turns spent in this place as a percentage of non-inter-level travel turns spent in the entire game.
 C = Inter-level travel turns spent in this place as a percentage of turns spent in this place.
 D = Turns resting spent in this place as a percentage of non-inter-level travel turns spent in this place.
 E = Turns spent auto-exploring this place as a percentage of non-inter-level travel turns spent in this place.
 F = Non-inter-level travel turns spent in this place divided by the number of levels of this place that you've seen.
                   A       B       C       D       E      F
               +-------+-------+-------+-------+-------+----------------------
         Total | 100.0 | 100.0 |   0.4 |   3.5 |   1.4 | 726.6
       Dungeon |  61.8 |  61.8 |   0.4 |   3.4 |   1.7 | 794.6
        Temple |   0.0 |   0.0 |  33.3 |   0.0 |   0.0 |   4.0
          Lair |  27.4 |  27.4 |   0.5 |   2.3 |   0.8 | 914.2
  Orcish Mines |   7.5 |   7.5 |   0.4 |   4.4 |   1.7 | 628.5
         Abyss |   0.3 |   0.3 |   0.0 |   4.2 |   0.0 |  48.0
       Volcano |   3.0 |   3.0 |   0.0 |  14.8 |   0.0 | 501.0
               +-------+-------+-------+-------+-------+----------------------

Table legend:
 A = Kills in this place as a percentage of kills in entire the game.
 B = Kills by you in this place as a percentage of kills by you in the entire game.
 C = Kills by friends in this place as a percentage of kills by friends in the entire game.
 D = Other kills in this place as a percentage of other kills in the entire game.
 E = Experience gained in this place as a percentage of experience gained in the entire game.
 F = Experience gained in this place divided by the number of levels of this place that you have seen.
                   A       B       C       D       E      F
               +-------+-------+-------+-------+-------+----------------------
         Total | 100.0 | 100.0 |  -nan |  -nan | 100.0 | 4143.0
       Dungeon |  66.8 |  66.8 |  -nan |  -nan |  53.9 | 3951.9
          Lair |  16.3 |  16.3 |  -nan |  -nan |  29.5 | 5624.6
  Orcish Mines |  14.4 |  14.4 |  -nan |  -nan |  11.1 | 5303.5
       Volcano |   2.5 |   2.5 |  -nan |  -nan |   5.4 | 5185.0
               +-------+-------+-------+-------+-------+----------------------
